 Dungeon Crawl Stone Soup version 0.23-a0-703-gdf2d5e0 (console) character file.

112 Duffy the Firebug (level 4, 0/24 HPs)
             Began as a Deep Elf Fire Elementalist on Jan 13, 2019.
             Slain by Purgy (2 damage)
             ... on level 3 of the Dungeon.
             The game lasted 00:02:24 (1413 turns).

Duffy the Firebug (Deep Elf Fire Elementalist)      Turns: 1413, Time: 00:02:25

Health: 0/24       AC:  3    Str:  5    XL:     4   Next: 63%
Magic:  3/11       EV: 13    Int: 21    God:
Gold:   6          SH:  0    Dex: 15    Spells: 2/10 levels left

rFire    . . .     SeeInvis .   f - +2 dagger (venom)
rCold    . . .     Gourm    .   (no shield)
rNeg     . . .     Faith    .   a - +0 robe
rPois    .         Spirit   .   e - +0 helmet
rElec    .         Reflect  .   (no cloak)
rCorr    .         Harm     .   (no gloves)
MR       .....                  (no boots)
Stlth    ++........             (no amulet)
HPRegen  0.08/turn              (no ring)
MPRegen  0.12/turn              (no ring)

@: very slightly contaminated
A: no striking features
a: no special abilities


You were on level 3 of the Dungeon.
You were hungry.

You visited 1 branch of the dungeon, and saw 3 of its levels.

You collected 6 gold pieces.

Inventory:

Hand Weapons
 f - a +2 dagger of venom (weapon)
Armour
 a - a +0 robe (worn)
 e - a +0 helmet (worn)
Scrolls
 i - a scroll of identify {unknown}
Potions
 b - a potion of degeneration {unknown}
 d - a potion of brilliance {unknown}
 g - a potion of magic {unknown}
Comestibles
 c - a ration


   Skills:
 - Level 2.4 Dodging
 - Level 2.4 Stealth
 + Level 3.9 Spellcasting
 + Level 3.9 Conjurations
 + Level 3.9 Fire Magic


You had 2 spell levels left.
You knew the following spells:

 Your Spells              Type           Power        Failure   Level  Hunger
h - Flame Tongue          Conj/Fire      ###..        2%          1    None
j - Sticky Flame          Conj/Fire      ###.....     24%         4    ####...
l - Conjure Flame         Conj/Fire      ###.....     7%          3    ###....

Your spell library contained the following spells:

 Spells                   Type           Power        Failure   Level  Hunger
 Magic Dart               Conj           ###.         2%          1    None
 Throw Flame              Conj/Fire      ###...       3%          2    #......
 Blink                    Tloc           N/A          19%         2    #......
 Call Imp                 Summ           #.......     19%         2    #......
 Slow                     Hex            #.......     19%         2    #......
 Inner Flame              Hex/Fire       ##......     16%         3    ###....
 Mephitic Cloud           Conj/Pois/Air  #.......     22%         3    ###....
 Fireball                 Conj/Fire      ###.......   54%         5    ######.


Dungeon Overview and Level Annotations

Branches:
Dungeon (3/15)

Altars:

Annotations:
D:3 Purgy


Message History

The rat twitches its whiskers.
Casting: Flame Tongue (safe; 2% risk of failure)
Confirm with . or Enter, or press ? or * to list all spells.
Aiming: Sticky Flame (slightly dangerous; 24% risk of failure)
Press: ? - help, Shift-Dir - straight line, f/p - Purgy
Aim: Purgy (heavily wounded, poisoned)
You miscast Sticky Flame.
You are very lightly contaminated with residual magic.
Nothing appears to happen.
Purgy bites you but does no damage. Purgy closely misses you.
Purgy barely misses you. The rat bites you.
You barely miss the rat. The rat bites you but does no damage.
Purgy misses you. x2; Purgy claws you.
You closely miss the rat. The rat bites you. Purgy bites you. Purgy claws you.
Purgy barely misses you.
You hit the rat.
You kill the rat!
Purgy misses you. x2; Purgy claws you.
You die...

####.# #.##........#
######.###.###########
#..........####
#.###.........# #.#
#.........# #.#
#.........# #.#
#.........# #.#
#.o###.#### #.# #..#
#@# #.# #..###T# #.#
#<.o..o#
#.################
#..)5.............
##################


You could see Purgy and an orc.

Vanquished Creatures
  A crimson imp (D:2)
  An orc wizard (D:3)
  Robin (D:2)
  2 worms
  An orc (D:3)
  5 hobgoblins
  3 jackals (D:3)
  2 quokkas (D:3)
  A bat (D:3)
  A frilled lizard (D:2)
  10 goblins
  4 rats
32 creatures vanquished.

Notes
Turn   | Place    | Note
-------+----------+-------------------------------------------
     0 | D:1      | Duffy the Deep Elf Fire Elementalist began the quest for
                  | the Orb.
     0 | D:1      | Reached XP level 1. HP: 10/10 MP: 6/6
   146 | D:2      | Noticed Robin
   162 | D:2      | Reached XP level 2. HP: 15/15 MP: 2/8
   410 | D:2      | Killed Robin
   497 | D:3      | Noticed a crimson imp
   540 | D:2      | Reached XP level 3. HP: 13/19 MP: 0/9
   570 | D:2      | Learned a level 3 spell: Conjure Flame
   949 | D:3      | Reached XP level 4. HP: 24/24 MP: 8/11
  1036 | D:3      | Learned a level 4 spell: Sticky Flame
  1342 | D:3      | Noticed Purgy
  1413 | D:3      | Slain by Purgy

Vault maps used:
D:1:      dpeg_arrival_lava_temple_mockup, tso_altar
D:2:      first_ration, uniq_robin, uniq_terence
D:3:      uniq_purgy, uniq_sigmund

Skill      XL: |  1  2 |
---------------+-------+-----
Conjurations   | 2 3 |  3.9
Dodging        | |  2.4
Stealth        | |  2.4
Spellcasting   | |  3.9
Fire Magic     | |  3.9

Action                   |  1- 3 |  4- 6 || total
-------------------------+-------+-------++-------
Melee: Dagger            |    27 |    15 ||    42
 Cast: Flame Tongue      |    42 |    31 ||    73
       Conjure Flame     |       |     1 ||     1
  Eat: Chunk             |       |     1 ||     1
Armor: Robe              |     6 |     7 ||    13
Dodge: Dodged            |    33 |    41 ||    74

Table legend:
 A = Non-vault XP
 B = Vault XP
 C = Vault XP percentage of total XP
 D = Non-vault monster count
 E = Vault monster count
 F = Vault count percentage of total count
                 A         B        C        D         E       F
            +---------+---------+-------+---------+---------+-------
      Total |     123 |      37 |  23.1 |      19 |      13 |  40.6
            +---------+---------+-------+---------+---------+-------
        D:1 |       2 |       0 |   0.0 |       2 |       0 |   0.0
        D:2 |      54 |      35 |  39.3 |       3 |      12 |  80.0
        D:3 |      67 |       2 |   2.9 |      14 |       1 |   6.7
            +---------+---------+-------+---------+---------+-------
